 Dungeon Crawl Stone Soup version 0.21.1-1-g345015f (webtiles) character file.

4 Goblin1989 the Charmwright (level 1, 0/16 HPs)
             Began as a Demonspawn Skald on Feb 5, 2018.
             Slain by a jackal (2 damage)
             ... on level 1 of the Dungeon.
             The game lasted 00:00:54 (281 turns).

Goblin1989 the Charmwright (Demonspawn Skald)        Turns: 281, Time: 00:00:55

Health: 0/16       AC:  3    Str:  9    XL:     1   Next: 50%
Magic:  3/3        EV: 11    Int: 14    God:
Gold:   22         SH:  0    Dex: 12    Spells: 3/4 levels left

rFire    . . .     SeeInvis .   a - +0 mace
rCold    . . .     Gourm    .   (no shield)
rNeg     . . .     Faith    .   b - +0 leather armour
rPois    .         Spirit   .   (no helmet)
rElec    .         Reflect  .   (no cloak)
rCorr    .         Harm     .   (no gloves)
MR       .....                  (no boots)
Stlth    +.........             (no amulet)
HPRegen  0.05/turn              l - ring of flight
MPRegen  0.08/turn              h - -2 ring of strength (curse)

@: no status effects
A: no striking features
a: Evoke Flight


You were on level 1 of the Dungeon.
You were not hungry.

You visited 1 branch of the dungeon, and saw 1 of its levels.

You collected 22 gold pieces.

Inventory:

Hand Weapons
 a - a +0 mace (weapon)
Armour
 b - a +0 leather armour (worn)
Jewellery
 h - a cursed -2 ring of strength (right hand)
 l - a ring of flight (left hand)
Potions
 f - a potion of degeneration {unknown}
Books
 c - a book of Battle

   Spells                             Type                      Level
   a - Infusion                       Charms                       1
   b - Shroud of Golubria             Charms/Translocation         2
   c - Song of Slaying                Charms                       2
   d - Spectral Weapon                Hexes/Charms                 3
   e - Regeneration                   Charms/Necromancy            3
Comestibles
 e - a ration
 m - 3 chunks of flesh


   Skills:
 - Level 2.0 Fighting
 + Level 2.1 Maces & Flails
 - Level 0.8 Armour
 - Level 1.7 Dodging
 - Level 2.0 Spellcasting
 - Level 2.6 Charms


You had 3 spell levels left.
You knew the following spells:

 Your Spells              Type           Power        Failure   Level  Hunger
a - Infusion              Chrm           #...         11%         1    ##.....


Dungeon Overview and Level Annotations

Branches:
Dungeon (1/15)

Altars:


Message History

Things that are here:
a club; a hobgoblin skeleton
Things that are here:
a club; a hobgoblin skeleton You now have 15 gold pieces (gained 9).
You now have 22 gold pieces (gained 7).
Things that are here:
a club; a hobgoblin skeleton Key pressed, stopping explore.
Some of the chunks of flesh in your inventory have rotted away.
Found an escape hatch in the floor.
A jackal comes into view.
The jackal barks!
A jackal comes into view.
There are monsters nearby!
A goblin comes into view. It is wielding a club.
The jackal barks!
The goblin shouts!
The goblin moves out of view.
You hit the jackal but do no damage.
The jackal bites you but does no damage.
The jackal bites you.
The jackal bites you but does no damage.
You take 1 damage, and have 15/16 hp.
You closely miss the jackal.
The jackal bites you but does no damage.
The jackal bites you. The jackal barely misses you.
You take 1 damage, and have 14/16 hp.
You hit the jackal.
The jackal is moderately wounded.
The jackal bites you. The jackal barely misses you. The jackal bites you. x2
You take 4 damage, and have 10/16 hp.
MASSIVE DAMAGE!!
You hit the jackal but do no damage.
The jackal is moderately wounded.
The jackal barely misses you. x2
The jackal bites you but does no damage. x2
You closely miss the jackal. The jackal closely misses you. x2
The jackal barely misses you.
You hit the jackal.
You kill the jackal!
The jackal completely misses you. The jackal closely misses you.
You barely miss the goblin. The jackal closely misses you.
The goblin hits you but does no damage.
The jackal bites you but does no damage.
You closely miss the goblin. The jackal misses you.
The goblin hits you with a club. The jackal completely misses you.
The goblin hits you with a club.
* * * LOW HITPOINT WARNING * * *
You take 3 damage, and have 7/16 hp.
You are too injured to fight recklessly!
You are too injured to fight recklessly!
You are too injured to fight recklessly!
You are too injured to fight recklessly!
You are too injured to fight recklessly!
You are too injured to fight recklessly!
You are too injured to fight recklessly!
You are too injured to fight recklessly!
You are too injured to fight recklessly!
You are too injured to fight recklessly!
You are too injured to fight recklessly!
You are too injured to fight recklessly!
You are too injured to fight recklessly!
You are too injured to fight recklessly!
You are too injured to fight recklessly!
You are too injured to fight recklessly!
You are too injured to fight recklessly!
You are too injured to fight recklessly!
You are too injured to fight recklessly!
You are too injured to fight recklessly!
You are too injured to fight recklessly!
You are too injured to fight recklessly!
You are too injured to fight recklessly!
You are too injured to fight recklessly!
You are too injured to fight recklessly!
You are too injured to fight recklessly!
There are monsters nearby!
You completely miss the jackal. The jackal bites you.
* * * LOW HITPOINT WARNING * * *
The goblin hits you but does no damage. The jackal misses you.
You take 1 damage, and have 6/16 hp.
You hit the jackal.
The jackal is moderately wounded.
The jackal barely misses you. The goblin closely misses you.
The jackal bites you.
* * * LOW HITPOINT WARNING * * *
You take 3 damage, and have 3/16 hp.
You closely miss the jackal.
The jackal is moderately wounded.
The jackal bites you but does no damage.
The goblin completely misses you.
You closely miss the jackal.
The jackal is moderately wounded.
The jackal barely misses you. The goblin hits you but does no damage.
The jackal bites you but does no damage.
Unknown command.
The jackal bites you.
* * * LOW HITPOINT WARNING * * *
You take 2 damage, and have 2/16 hp.
The jackal closely misses you. The jackal bites you.
You die...

█...........█..........█..
█...........█..........∆..
█.....)...............██..
█.....................████
█.....................█
██................█████
█..........██.......
████.......▲.........
█████..gh@..██........
█...........██........
█..........>▲▲........
█...........█ ....
█...█.......█
█...████.....█ █....
......█ █..... (.....█
█>............


You could see a jackal and a goblin.

Vanquished Creatures
  A hobgoblin (D:1)
  A jackal (D:1)
  A bat (D:1)
  A frilled lizard (D:1)
4 creatures vanquished.

Notes
Turn   | Place    | Note
-------+----------+-------------------------------------------
     0 | D:1      | Goblin1989 the Demonspawn Skald began the quest for the Orb.
     0 | D:1      | Reached XP level 1. HP: 16/16 MP: 3/3
   281 | D:1      | Slain by a jackal

Skill      XL: |  1 |
---------------+----+-----
Maces & Flails | 2 |  2.1
Fighting       | |  2.0
Armour         | |  0.8
Dodging        | |  1.7
Spellcasting   | |  2.0
Charms         | |  2.6

Action                   || total
-------------------------++-------
Melee: Mace              ||    22
Armor: Leather armour    ||    16
Dodge: Dodged            ||    24

Vault maps used:
D:1:      nzn_arrival_depleted_hourglass
